 Dungeon Crawl Stone Soup version 0.30-a0-986-g7f2e898f52 (webtiles) character file.

Game seed: 15390007914801978288

46 ytrimaz the Shield-Bearer (level 3, -9/43 HPs)
             Began as a Formicid Fighter on Apr 2, 2023.
             Mangled by Crazy Yiuf
             ... wielding a +2 quarterstaff of chaos
              (15 damage)
             ... on level 2 of the Dungeon.
             The game lasted 00:01:44 (1803 turns).

ytrimaz the Shield-Bearer (Formicid Fighter)        Turns: 1803, Time: 00:01:45

Health: -9/43      AC: 21    Str: 22    XL:     3   Next: 92%
Magic:  1/3        EV:  2    Int:  7    God:
Gold:   61         SH:  5    Dex: 13    Spells: 2/2 levels left

rFire   . . .      SeeInvis .    a - +0 war axe
rCold   . . .      Faith    .    c - +0 buckler
rNeg    . . .      Spirit   .    b - melded +0 scale mail
rPois   +          Reflect  .    (helmet unavailable)
rElec   .          Rampage  .    (cloak currently unavailable)
rCorr   .                        (gloves currently unavailable)
Will    .....                    (boots currently unavailable)
Stlth   +                        (no amulet)
HPRegen 0.27/turn                (no ring)
MPRegen 0.08/turn                (no ring)

@: mighty, agile, tree-form
A: stationary, stasis, torment immunity, boosted hp, permanent stasis, dig
shafts and tunnels, (antennae 3), four strong arms
a: no special abilities


You were on level 2 of the Dungeon.
You were a tree.
You visited 1 branch of the dungeon, and saw 2 of its levels.

You collected 117 gold pieces.
You spent 56 gold pieces at shops.


Innate Abilities, Weirdness & Mutations

You are a tree.
Your roots penetrate the ground, keeping you stationary.
You cannot be teleported.
You are immune to unholy pain and torment.
Your maximum health is greatly increased.
Your equipment is partially melded.
You cannot be hasted, slowed, berserked, paralysed or teleported.
You can dig through walls and to a lower floor.
((You have a pair of large antennae on your head. (SInv)))
Your four strong arms can wield two-handed weapons with a shield.


   Skills:
 - Level 3.2 Fighting
 + Level 3.9 Axes
 - Level 3.2 Armour
 - Level 4.0 Shields


You had 2 spell levels left.
You didn't know any spells.
Your spell library contained the following spells:

 Spells                   Type           Power      Damage    Failure   Level
 Slow                     Hex            0%         N/A       50%         1
 Sting                    Tmut/Pois      0%         1d3       50%         1
 Poisonous Vapours        Pois/Air       0%         N/A       65%         2
 Confusing Touch          Hex            0%         N/A       86%         3
 Kindle Blastsparks       Fire/Tloc/Air  0%         2d10      86%         3
 Ozocubu's Armour         Ice            0%         N/A       86%         3
 Vampiric Draining        Necr           0%         2d6       86%         3
 Fulminant Prism          Conj/Hex       0%         3d5       99%         4
 Iskenderun's Mystic Bla  Conj/Tloc      0%         2d3       99%         4
 Olgreb's Toxic Radiance  Pois           0%         N/A       99%         4
 Lee's Rapid Deconstruct  Erth           0%         3d4*      100%        5
 Ozocubu's Refrigeration  Ice            0%         4d7       100%        7

Inventory:

Hand Weapons
 a - a +0 war axe (weapon)
Armour
 b - a +0 scale mail (melded)
 c - a +0 buckler (worn)
 k - a +0 pair of gloves
   (You found it on level 2 of the Dungeon)
Scrolls
 e - 2 scrolls of butterflies
 g - a scroll of noise
 j - 2 scrolls of enchant weapon
 l - a scroll of fog
Potions
 h - a potion of curing
 i - 2 potions of magic
 m - a potion of attraction

Dungeon Overview and Level Annotations

Branches:
Dungeon (2/15) Zot: 10166

Altars:

Shops:
D:1 *:

Annotations:
D:2 Crazy Yiuf

#<#.##.####.### #.#
#......##.....# #.#
###.#####.....# #.# ###
###...# #.. #...# ###
#######...# ### ###
###.#..#.#### #..
#.))##.)#).....## #.#
#..)gā™£####.#....####.#
#)).### ##P#......#.#
### ####.....#.#
###.....# #######


You could see Crazy Yiuf (berserk).


Message History

A rat comes into view.
A rat is nearby!
A rat is nearby!
A rat is nearby!
The rat barely misses you.
Unknown command.
You slash the rat!
You kill the rat!
No target in view!
Unknown command.
You see here a rat corpse.
No target in view!
You see here a rat corpse.
Key pressed, stopping explore.
Partly explored, can't reach some places.
Partly explored, can't reach some places.
Partly explored, can't reach some places.
No target in view!
Unknown command.
No target in view!
As you read the scroll of identify, it crumbles to dust.
m - a potion of attraction
As you read the scroll of identify, it crumbles to dust.
n - a potion of lignification Partly explored, can't reach some places.
Partly explored, can't reach some places.
There is an escape hatch in the floor here.
You slash the fungus!
The fungus begins to die.
You hit the fungus.
The fungus begins to die.
You hit the fungus. x2
A nearby fungus withers and dies. x2
You hit the fungus.
The fungus begins to die.
You hit the fungus.
The fungus begins to die.
You hit the fungus. x2
Unknown command.
A nearby fungus withers and dies.
A nearby fungus withers and dies.
You see here a +0 hammer.
Crazy Yiuf shouts!
You see here a +0 hammer of holy wrath.
Press: ? - help, v - describe, . - travel, g - get item
Here: Crazy Yiuf, wielding a +2 quarterstaff of chaos and wearing a +0 cloak (fire blocked by a runed translucent door) Item here: a hammer.
The floor.
You open the door.
Really quaff the potion of lignification?
You turn into a tree.
Your +0 scale mail melds into your body.
Your roots penetrate the ground.
Crazy Yiuf hits you with a +2 quarterstaff of chaos.
Crazy Yiuf freezes you. šŸ˜• HP[+12]
You now have 43 max hp (+14).
You regained 12 hp, and now have 41/43 hp.
Unknown command.
You closely miss Crazy Yiuf. You block Crazy Yiuf's attack.
You closely miss Crazy Yiuf.
Crazy Yiuf hits you but does no damage. šŸ˜• HP[+1] Unknown command.
You barely miss Crazy Yiuf.
Crazy Yiuf sings, "Trees, trees, trees, circus!"
Crazy Yiuf hits you but does no damage.
Crazy Yiuf drinks a potion.
Crazy Yiuf goes berserk!
You closely miss Crazy Yiuf.
Crazy Yiuf hits you but does no damage. x2
You are electrocuted!! šŸ˜® HP[-18]
You take 18 damage, and now have 24/43 hp.
MASSIVE DAMAGE!! (PAUSE)
You slash Crazy Yiuf! Crazy Yiuf hits you but does no damage.
Crazy Yiuf hits you with a +2 quarterstaff of chaos!
* * * LOW HITPOINT WARNING * * *
You feel agile all of a sudden. šŸ˜Ø HP[-8]
You take 8 damage, and now have 16/43 hp.
Unknown command.
You barely miss Crazy Yiuf. You block Crazy Yiuf's attack.
Crazy Yiuf hits you with a +2 quarterstaff of chaos!
* * * LOW HITPOINT WARNING * * *
You are lethally poisoned! šŸ˜± HP[-12]
You take 12 damage, and now have 4/43 hp.
MASSIVE DAMAGE!! (PAUSE)
You feel better.
Crazy Yiuf hits you with a +2 quarterstaff of chaos.
* * * LOW HITPOINT WARNING * * *
šŸ˜± HP[+4]
You regained 4 hp, and now have 8/43 hp.
You feel very mighty all of a sudden. Crazy Yiuf completely misses you.
Crazy Yiuf hits you but does no damage. šŸ˜± HP[+1]
You feel better.
You block Crazy Yiuf's attack. šŸ˜Ø HP[+7]
You regained 7 hp, and now have 16/43 hp.
You slice Crazy Yiuf!!
Crazy Yiuf hits you with a +2 quarterstaff of chaos!
* * * LOW HITPOINT WARNING * * *
You feel your power leaking away.
Crazy Yiuf hits you with a +2 quarterstaff of chaos!
You die...

Skill      XL: |  1  2 |
---------------+-------+-----
Axes           | 3 |  3.9
Fighting       | |  3.2
Armour         | |  3.2
Shields        | |  4.0

Action                     || total
---------------------------++-------
  Melee: War axe           ||    82
    Use: Scroll            ||     9
         Potion            ||     4
 Armour: Scale mail        ||    33
         Skin              ||     6
  Dodge: Dodged            ||    40
  Block: Buckler           ||    25

Levels and vault maps discovered:
D:1:      sevenhm_arrival_forest_fort_large_4, layout_loops_corners,
          hellmonk_ecumenical_altar_zigzags, serial_shops, nicolae_diamond_shop,
          nicolae_shop_vocational
D:2:      layout_loops_cross, uniq_crazy_yiuf_cottage

Notes
Turn   | Place    | Note
-------+----------+-------------------------------------------
     0 | D:1      | ytrimaz the Formicid Fighter began the quest for the Orb.
     0 | D:1      | Reached XP level 1. HP: 18/18 MP: 1/1
     0 | D:1      | magus.rc [v1.9.6]
   172 | D:1      | Reached XP level 2. HP: 24/24 MP: 2/2
   292 | D:1      | You pick up a book of Blasting and begin reading...
   292 | D:1      | You add the spells Kindle Blastsparks, Fulminant Prism,
                  | Iskenderun's Mystic Blast and Lee's Rapid Deconstruction to
                  | your library.
   347 | D:1      | Reached skill level 3 in Axes
   393 | D:1      | Found a faded altar of an unknown god.
   464 | D:1      | Reached XP level 3. HP: 27/29 MP: 3/3
   522 | D:1      | You pick up a book of Debilitation and begin reading...
   522 | D:1      | You add the spells Slow, Vampiric Draining and Confusing
                  | Touch to your library.
   542 | D:1      | Found Girint's General Store.
   546 | D:1      | Bought a scroll of identify for 28 gold pieces
   546 | D:1      | Bought a scroll of identify for 28 gold pieces
   882 | D:1      | Found Aqex's Vocational Training.
   906 | D:1      | You add the spells Sting, Poisonous Vapours and Olgreb's
                  | Toxic Radiance to your library.
  1170 | D:2      | You add the spells Ozocubu's Armour and Ozocubu's
                  | Refrigeration to your library.
  1788 | D:2      | Found a runed translucent door.
  1789 | D:2      | Noticed Crazy Yiuf
  1799 | D:2      | HP: 4/43 [Crazy Yiuf/+2 quarterstaff of chaos (12)]
  1803 | D:2      | Mangled by Crazy Yiuf

Vanquished Creatures
  2 dart slugs (D:1)
  2 bats (D:1)
  4 endoplasms
  2 giant cockroaches
  6 goblins
  3 hobgoblins
  3 jackals (D:1)
  4 kobolds
  2 quokkas (D:1)
  4 ball pythons
  2 rats
34 creatures vanquished.

Vanquished Creatures (others)
  4 fungi (D:2)
4 creatures vanquished.

Grand Total: 38 creatures vanquished

Table legend:
 A = Non-vault XP
 B = Vault XP
 C = Vault XP percentage of total XP
 D = Non-vault monster count
 E = Vault monster count
 F = Vault count percentage of total count
                 A         B        C        D         E       F
            +---------+---------+-------+---------+---------+-------
      Total |      66 |       0 |   0.0 |      34 |       0 |   0.0
            +---------+---------+-------+---------+---------+-------
        D:1 |      47 |       0 |   0.0 |      23 |       0 |   0.0
        D:2 |      19 |       0 |   0.0 |      11 |       0 |   0.0
            +---------+---------+-------+---------+---------+-------

Illustrated notes

Table legend:
 A = Kills in this place as a percentage of kills in the entire game.
 B = Kills by you in this place as a percentage of kills by you in the entire game.
 C = Kills by friends in this place as a percentage of kills by friends in the entire game.
 D = Other kills in this place as a percentage of other kills in the entire game.
 E = Experience gained in this place as a percentage of experience gained in the entire game.
 F = Experience gained in this place divided by the number of levels of this place that you have seen.
                   A       B       C       D       E      F
               +-------+-------+-------+-------+-------+----------------------
         Total | 100.0 | 100.0 |   N/A |   N/A | 100.0 |  33.0
       Dungeon | 100.0 | 100.0 |   N/A |   N/A | 100.0 |  33.0
               +-------+-------+-------+-------+-------+----------------------

Table legend: (Time is in decaauts)
 A = Elapsed time spent in this place.
 B = Non-inter-level travel time spent in this place.
 C = Inter-level travel time spent in this place.
 D = Time resting spent in this place.
 E = Time spent auto-exploring this place.
 F = Levels seen in this place.
 G = Mean time per level.
                   A        B        C        D        E       F      G
               +--------+--------+--------+--------+--------+-----+--------+
         Total |   1832 |   1754 |     78 |      0 |   1438 |   2 |  916.0 |
       Dungeon |   1832 |   1754 |     78 |      0 |   1438 |   2 |  916.0 |
               +--------+--------+--------+--------+--------+-----+--------+

Top non-repeatable levels by time:
     D:1: 1091 daAuts
     D:2: 741 daAuts
